 Dungeon Crawl Stone Soup version 0.20-a0-710-g71b569a (webtiles) character file.

100 GlassEater the Cutter (level 5, -16/32 HPs)
             Began as a Kobold Berserker on Feb 21, 2017.
             Was an Initiate of Qazlal.
             Demolished by a polar bear (20 damage)
             ... created by the rage of Trog
             ... on level 2 of the Dungeon.
             The game lasted 00:04:26 (2035 turns).

GlassEater the Cutter (Kobold Berserker)            Turns: 2035, Time: 00:04:27

Health: -16/32     AC: 11    Str: 14    XL:     5   Next: 3%
Magic:  5/5        EV: 12    Int:  8    God:    Qazlal [......]
Gold:   69         SH:  0    Dex: 16    Spells: 4/4 levels left

rFire    x . .     SeeInvis .   a - +0 rapier
rCold    + + .     Gourm    .   p - +0 ice dragon scales
rNeg     . . .     Faith    .   (shield restricted)
rPois    .         Spirit   .   (no helmet)
rElec    .         Reflect  .   (no cloak)
rCorr    .         Harm     .   j - +0 pair of gloves
MR       .....                  (no boots)
Stlth    +.........             (no amulet)
Regen    0.1/turn               (no ring)
MPRegen  0.1/turn               (no ring)

@: exhausted
A: carnivore 3
a: Renounce Religion


You were on level 2 of the Dungeon.
You worshipped Qazlal.
Qazlal was noncommittal.
You were completely stuffed.

You visited 1 branch of the dungeon, and saw 2 of its levels.

You collected 69 gold pieces.

Inventory:

Hand Weapons
 a - a +0 rapier (weapon)
Missiles
 n - 72 stones (quivered)
Armour
 j - a +0 pair of gloves (worn)
 p - +0 ice dragon scales (worn)
Scrolls
 d - 2 scrolls of amnesia {unknown}
 e - a scroll of noise {unknown}
 g - a scroll of teleportation {unknown}
 h - a scroll of fear {unknown}
 k - a scroll of identify
 l - a scroll of enchant armour {unknown}
 m - a scroll of random uselessness
Potions
 b - a potion of flight {unknown}
 f - 2 potions of heal wounds {unknown}
Comestibles
 c - 2 meat rations
 i - 3 royal jellies
 o - 2 chunks of flesh


   Skills:
 - Level 3.4 Fighting
 - Level 4.2 Short Blades
 - Level 0.2 Throwing
 + Level 2.8 Armour
 - Level 2.6 Dodging
 - Level 3.6 Stealth
 - Level 0.2 Invocations


You had 4 spell levels left.
You didn't know any spells.

Dungeon Overview and Level Annotations

Branches:
Dungeon (2/15)

Altars:
Qazlal


Innate Abilities, Weirdness & Mutations

You are small and have problems with some larger weapons.
You are carnivorous and can eat meat at any time.


Message History

Unknown command.
The polar bear bites you but does no damage.
The polar bear claws you.
The polar bear claws you but does no damage.
The polar bear bites you but does no damage.
The polar bear claws you but does no damage. x2
As you read the scroll labeled WUMILO FOOXEJ, it crumbles to dust.
It is a scroll of identify.
m - a scroll of random uselessness The black bear bites you but does no damage.
The black bear claws you. x2
The black bear rages.
The polar bear bites you!
Ouch! That really hurt!
* * * LOW HITPOINT WARNING * * *
The polar bear barely misses you. The polar bear claws you.
* * * LOW HITPOINT WARNING * * *
The polar bear bites you!!
Ouch! That really hurt!
You die...

+....+ .. #....# ..#
#....# ...# #....# ...#
#....# ...# #....#
###...###
######....######@h......
...............#hhh.....
.............#.#h.......
###.....####.#.#........
......#......#.#........
..#.#.########'#........
........................
..#.#.######.....#######
..#.#.# #..)..#


You could see 2 polar bears and 3 black bears.

Vanquished Creatures
  4 gnolls (D:2)
  A worm (D:2)
  3 dart slugs
  A leopard gecko (D:2)
  8 giant cockroaches
  6 goblins
  6 hobgoblins
  6 kobolds
  5 bats (D:1)
  5 frilled lizards (D:1)
  7 rats
52 creatures vanquished.

Notes
Turn   | Place    | Note
-------+----------+-------------------------------------------
     0 | D:1      | GlassEater the Kobold Berserker began the quest for the Orb.
     0 | D:1      | Reached XP level 1. HP: 14/14 MP: 1/1
   222 | D:1      | Reached skill level 1 in Stealth
   222 | D:1      | Reached XP level 2. HP: 19/19 MP: 2/2
   382 | D:1      | Reached XP level 3. HP: 23/23 MP: 3/3
   896 | D:1      | Reached ** piety under Trog
  1464 | D:2      | Found a stormy altar of Qazlal.
  1470 | D:2      | Fell from the grace of Trog
  1470 | D:2      | Became a worshipper of Qazlal Stormbringer
  1554 | D:2      | Reached XP level 4. HP: 28/28 MP: 4/4
  1869 | D:2      | Reached XP level 5. HP: 14/32 MP: 5/5
  2033 | D:2      | Noticed a black bear
  2033 | D:2      | Noticed a black bear
  2033 | D:2      | Noticed a polar bear
  2033 | D:2      | Noticed a polar bear
  2033 | D:2      | Noticed a black bear
  2035 | D:2      | Demolished by a polar bear

Vault maps used:
D:1:      kilobyte_arrival_exit_the_forest, minmay_three_crescents
D:2:      vehumet_crystals, grunt_qazlal_clouds, overflow_temple_1_default

Skill      XL: |  1  2  3  4 |
---------------+-------------+-----
Stealth        | 1 2 3 |  3.6
Armour         | 2 |  2.8
Fighting       | |  3.4
Short Blades   | |  4.2
Throwing       | |  0.2
Dodging        | |  2.6
Invocations    | |  0.2

Action                   |  1- 3 |  4- 6 || total
-------------------------+-------+-------++-------
Melee: Short sword       |   105 |    45 ||   150
       Rapier            |       |    26 ||    26
Throw: Stone             |    10 |       ||    10
Invok: Berserk           |     1 |       ||     1
  Use: Scroll            |       |     1 ||     1
 Stab: Sleeping          |     1 |       ||     1
  Eat: Chunk             |    11 |     2 ||    13
Armor: Animal skin       |    17 |       ||    17
       Ice dragon scales |     2 |    29 ||    31
Dodge: Dodged            |    86 |    36 ||   122
